 Dungeon Crawl Stone Soup version 0.19.4-12-gccf7e64 (webtiles) character file.

8185 Magnus the Zephyrmancer (level 11, -1/54 HPs)
             Began as a Tengu Air Elementalist on Feb 26, 2017.
             Was a Believer of Ashenzari.
             Slain by a red ugly thing (21 damage)
             ... on level 11 of the Dungeon.
             The game lasted 00:56:01 (17005 turns).

Magnus the Zephyrmancer (Tengu Air Elementalist)   Turns: 17005, Time: 00:56:02

Health: -1/54      AC:  6    Str:  8    XL:     11   Next: 26%
Magic:  8/24       EV: 18    Int: 18    God:    Ashenzari [**....]
Gold:   550        SH:  0    Dex: 16    Spells: 4 memorised, 15 levels left

rFire  . . .     SeeInvis .     h - +1 dagger (flame)
rCold  . . .     Gourm    .     w - +0 leather armour (curse)
rNeg   . . .     Faith    .     (no shield)
rPois  .         Spirit   .     (helmet restricted)
rElec  .         Reflect  .     g - +2 cloak (curse)
rCorr  +         Harm     .     (no gloves)
MR     .....                    (boots unavailable)
Stlth  ++........               (no amulet)
                                H - ring of wizardry (curse)
                                n - ring of resist corrosion

@: no status effects
A: beak, talons 3, able to fly 1
a: Fly, Curse Item, Scrying, Renounce Religion


You were on level 11 of the Dungeon.
You worshipped Ashenzari.
Ashenzari was pleased with you.
You were not hungry.

You visited 2 branches of the dungeon, and saw 12 of its levels.

You collected 550 gold pieces.

Inventory:

Hand Weapons
 h - a +1 dagger of flaming (weapon)
Armour
 g - a cursed +2 cloak (worn)
 l - +0 steam dragon scales
 w - a cursed +0 leather armour (worn)
 z - a +4 ring mail of positive energy
Jewellery
 n - a ring of resist corrosion (left hand)
 E - a +2 ring of strength
 H - a cursed ring of wizardry (right hand)
Wands
 s - a wand of slowing (19/48)
 v - a wand of lightning (0/15)
 x - a wand of acid (0/15)
 y - a wand of random effects (32/48)
 F - a wand of iceblast (7/15)
 K - a wand of confusion (18/48)
Scrolls
 d - 4 scrolls of remove curse
 i - 2 scrolls of teleportation
 o - 5 scrolls of blinking
 C - 7 scrolls of identify
 G - a scroll of amnesia {unknown}
Potions
 a - a potion of cure mutation {unknown}
 e - a potion of heal wounds
 f - 4 potions of might
 j - a potion of haste
 k - a potion of lignification {unknown}
 p - 2 potions of flight
 q - 7 potions of curing
 r - a potion of ambrosia {unknown}
 t - a potion of brilliance {unknown}
 u - 3 potions of agility {unknown}
 D - 2 potions of cancellation {unknown}
 J - a potion of resistance {unknown}
Books
 b - a book of Air

   Spells                             Type                      Level
   a - Shock                          Conjuration/Air              1
   b - Swiftness                      Charms/Air                   2
   c - Repel Missiles                 Charms/Air                   2
   d - Static Discharge               Conjuration/Air              3
   e - Lightning Bolt                 Conjuration/Air              5
 A - a book of Geomancy

   Spells                             Type                      Level
   a - Sandblast                      Earth                        1
   b - Passwall                       Transmutation/Earth          2
   c - Stone Arrow                    Conjuration/Earth            3
   d - Petrify                        Transmutation/Earth          4
   e - Lee's Rapid Deconstruction     Earth                        5
 B - a book of Necromancy

   Spells                             Type                      Level
   a - Pain                           Necromancy                   1
   b - Animate Skeleton               Necromancy                   1
   c - Vampiric Draining              Necromancy                   3
   d - Regeneration                   Charms/Necromancy            3
   e - Animate Dead                   Necromancy                   4
   f - Control Undead                 Necromancy                   4
Comestibles
 c - 12 bread rations
 m - 17 fruits


   Skills:
 + Level 9.6 Dodging
 - Level 2.0 Stealth
 + Level 8.2 Spellcasting
 + Level 11.1 Conjurations
 + Level 11.7 Air Magic


You had 15 spell levels left.
You knew the following spells:

 Your Spells              Type           Power        Failure   Level  Hunger
a - Shock                 Conj/Air       ####         1%          1    None
b - Static Discharge      Conj/Air       #####...     1%          3    #......
c - Repel Missiles        Chrm/Air       ####..       1%          2    None
d - Lightning Bolt        Conj/Air       #####.....   1%          5    #####..


Dungeon Overview and Level Annotations

Branches:
Dungeon (11/15)            Temple (1/1) D:4            Lair (0/6) D:11
    Orc: D:9-12

Altars:
Ashenzari
Cheibriados
Dithmenos
Elyvilon
Fedhas
Gozag
Hepliaklqana
Kikubaaqudgha
Makhleb
Nemelex Xobeh
Okawaru
Qazlal
Ru
Sif Muna
Trog
Uskayaw
Vehumet
Xom
Yredelemnul
Zin
The Shining One


Innate Abilities, Weirdness & Mutations

You have a beak for a mouth.
You have claws for feet.
You can fly.


Message History

Confirm with . or Enter, or press ? or * to list all spells.
Aiming: Lightning Bolt
Press: ? - help, Shift-Dir - straight line You hear a mighty clap of thunder!
The bolt of lightning hits the red ugly thing.
The red ugly thing is moderately wounded.
You hear a bellow!
The red ugly thing closely misses you.
Unknown command.
The red ugly thing headbutts you but does no damage.
Casting: Lightning Bolt
Confirm with . or Enter, or press ? or * to list all spells.
The red ugly thing is struck by lightning.
The red ugly thing is heavily wounded.
The lightning grounds out.
The red ugly thing headbutts you!
You are engulfed in flames!!
Unknown command.
The red ugly thing headbutts you but does no damage.
The red ugly thing headbutts you!
You are engulfed in flames!!
You die...

...##.####.#.###.#
##.##..........#.#
#.##.####.#####.#
#.#### #.# #.#
##.# #.# #.#
.#.### #.# #.#
.#...#####.# #.#
...........# #u#
.#........######@#
.########.#......#
...# #.#.######
...# #.#.# ...#
#.#.# ...# #.#.#
...######.#.#
...##.......#
'####.###.###


You could see a red ugly thing.

Vanquished Creatures
  The ghost of AlexALEX2 the Covert, a novice SpEn of Sif Muna (D:11)
  An unseen horror (D:9)
  Psyche (D:8)
  2 two-headed ogres
  A hippogriff (D:8)
  5 yaks (D:11)
  A wyvern (D:10)
  A spriggan (D:7)
  A hungry ghost (D:9)
  Grum (D:8)
  A steam dragon (D:10)
  Duvessa (D:6)
  A black bear (D:6)
  2 orc warriors
  A sky beast (D:8)
  A phantom (D:10)
  2 ice beasts
  5 ogres
  A necrophage (D:9)
  2 wolves (D:8)
  6 centaurs
  A big kobold (D:9)
  5 bullfrogs
  Dowan (D:6)
  A wyvern skeleton (D:6)
  5 scorpions
  4 wights (D:8)
  2 howler monkeys
  7 crimson imps
  2 centaur zombies
  A quasit (D:9)
  3 bullfrog zombies
  A hound (D:10)
  2 bullfrog skeletons
  5 orc priests
  4 centaur skeletons
  3 jellies
  2 orc wizards
  9 worker ants
  2 hound skeletons (D:9)
  14 adders
  3 shadow imps
  An ooze (D:4)
  4 adder zombies
  2 worms
  A dart slug (D:1)
  7 leopard geckos
  27 orcs
  8 giant cockroaches
  9 goblins
  14 hobgoblins
  6 jackals
  8 quokkas
  A ball python (D:1)
  4 bats
  8 frilled lizards
  17 kobolds
  A leopard gecko skeleton (D:5)
  A leopard gecko zombie (D:5)
  A quokka zombie (D:8)
  13 rats
248 creatures vanquished.

Notes
Turn   | Place    | Note
-------+----------+-------------------------------------------
     0 | D:1      | Magnus the Tengu Air Elementalist began the quest for the Orb.
     0 | D:1      | Reached XP level 1. HP: 10/10 MP: 4/4
   386 | D:1      | Reached XP level 2. HP: 15/15 MP: 4/6
   924 | D:1      | Reached XP level 3. HP: 19/19 MP: 2/7
  1527 | D:1      | Learned a level 3 spell: Static Discharge
  2060 | D:2      | Found a hazy altar of Hepliaklqana.
  2083 | D:2      | Reached XP level 4. HP: 24/24 MP: 4/8
  2171 | D:2      | Reached skill level 5 in Air Magic
  2978 | D:2      | Found a glowing golden altar of the Shining One.
  3294 | D:3      | Learned a level 2 spell: Repel Missiles
  3611 | D:3      | Gained mutation: You can fly. [Tengu growth]
  3611 | D:3      | Reached XP level 5. HP: 28/28 MP: 1/10
  5080 | D:4      | Reached XP level 6. HP: 32/32 MP: 7/11
  5299 | D:4      | Found a staircase to the Ecumenical Temple.
  5323 | Temple   | Entered the Ecumenical Temple
  5663 | Temple   | Became a worshipper of Ashenzari the Shackled
  5872 | D:4      | Found a bloodstained altar of Trog.
  6654 | D:5      | Entered Level 5 of the Dungeon
  6693 | D:5      | Reached XP level 7. HP: 36/36 MP: 10/13
  7030 | D:5      | Reached skill level 5 in Conjurations
  8334 | D:6      | Reached skill level 5 in Dodging
  8553 | D:6      | Reached XP level 8. HP: 37/41 MP: 10/15
  8744 | D:6      | Noticed Duvessa
  8764 | D:6      | Killed Duvessa
  8822 | D:6      | Noticed Dowan
  8824 | D:6      | Killed Dowan
  8959 | D:6      | Found a shattered altar of Ashenzari.
  9489 | D:7      | Reached skill level 5 in Spellcasting
  9721 | D:7      | Reached * piety under Ashenzari
  9956 | D:7      | Reached XP level 9. HP: 35/45 MP: 8/17
 10113 | D:7      | Found a shadowy altar of Dithmenos.
 10115 | D:7      | Found an iron altar of Okawaru.
 10977 | D:8      | Noticed a two-headed ogre
 11005 | D:8      | Killed a two-headed ogre
 11159 | D:8      | Noticed Psyche
 11174 | D:8      | Killed Psyche
 11339 | D:8      | Noticed Grum
 11855 | D:8      | Killed Grum
 11855 | D:8      | Reached XP level 10. HP: 47/50 MP: 15/20
 11998 | D:8      | Reached skill level 10 in Air Magic
 12466 | D:9      | Found a white marble altar of Elyvilon.
 12466 | D:9      | Found a radiant altar of Vehumet.
 12481 | D:8      | Learned a level 5 spell: Lightning Bolt
 12503 | D:9      | Found a sparkling altar of Nemelex Xobeh.
 12513 | D:9      | Found a hide-covered altar of Uskayaw.
 13217 | D:9      | Killed an unseen horror
 14163 | D:9      | Reached skill level 10 in Conjurations
 14439 | D:10     | Entered Level 10 of the Dungeon
 14814 | D:10     | Noticed a hill giant
 15428 | D:10     | Found an ancient bone altar of Kikubaaqudgha.
 16075 | D:10     | Identified the +5 plate armour "Ciphuothe" {rPois}
 16310 | D:11     | Found a staircase to the Lair.
 16429 | D:11     | Reached XP level 11. HP: 45/54 MP: 13/23
 16489 | D:11     | Reached ** piety under Ashenzari
 16499 | D:11     | Noticed AlexALEX2's ghost (novice SpEn)
 16506 | D:11     | Killed AlexALEX2's ghost
 16973 | D:11     | Noticed a red ugly thing
 17005 | D:11     | Slain by a red ugly thing

Skill      XL: |  1  2  3  4  5  6  7  8  9 10 11 |
---------------+----------------------------------+-----
Conjurations   | 2 3 4 5 7 9 10 11 | 11.1
Air Magic      | 5 6 7 8 9 11 | 11.7
Dodging        | 3 4 5 6 7 9 |  9.6
Spellcasting   | 3 4 5 6 7 8 |  8.2
Stealth        | |  2.0

Action                   |  1- 3 |  4- 6 |  7- 9 | 10-12 || total
-------------------------+-------+-------+-------+-------++-------
Melee: Unarmed           |     5 |       |       |       ||     5
       Kick              |     1 |       |     1 |    20 ||    22
       Dagger            |       |       |    12 |    55 ||    67
       Peck              |       |       |       |    12 ||    12
 Cast: Shock             |    88 |   164 |   281 |   179 ||   712
       Repel Missiles    |       |     1 |     1 |     1 ||     3
       Static Discharge  |       |       |     9 |    31 ||    40
       Lightning Bolt    |       |       |       |    43 ||    43
Invok: Curse Item        |       |       |     1 |     1 ||     2
 Abil: Fly               |       |     1 |     2 |     4 ||     7
Evoke: Wand              |       |       |       |     5 ||     5
  Use: Scroll            |       |     8 |     2 |       ||    10
  Eat: Chunk             |     3 |    13 |    17 |    15 ||    48
       Beef jerky        |       |     2 |       |     1 ||     3
       Meat ration       |       |       |       |     1 ||     1
       Royal jelly       |       |       |       |     1 ||     1
       Pizza             |       |       |       |     1 ||     1
       Bread ration      |       |       |       |     1 ||     1
Armor: Robe              |     1 |     4 |    11 |       ||    16
       Leather armour    |       |       |    16 |    43 ||    59
Dodge: Dodged            |    17 |    12 |   116 |   130 ||   275
       Deflected         |       |       |     3 |    10 ||    13
